 Dungeon Crawl Stone Soup version 0.26-a0-1053-gaff5f71418 (webtiles) character file.

Game seed: 5284535998539435964

301 dickylongcocking the Spear-Bearer (level 6, -8/48 HPs)
             Began as a Merfolk Monk on Dec 13, 2020.
             Killed from afar by Dowan (12 damage)
             ... with a puff of flame
             ... on level 3 of the Dungeon.
             The game lasted 00:02:57 (3598 turns).

dickylongcocking the Spear-Bearer (Merfolk Monk)    Turns: 3598, Time: 00:02:58

Health: -8/48      AC:  3    Str: 13    XL:     6   Next: 37%
Magic:  6/6        EV: 15    Int:  9    God:
Gold:   184        SH:  0    Dex: 19    Spells: 5/5 levels left

rFire    . . .     SeeInvis .   d - +0 trident
rCold    . . .     Faith    .   (no shield)
rNeg     . . .     Spirit   .   b - +0 robe
rPois    .         Reflect  .   (no helmet)
rElec    +         Harm     .   (no cloak)
rCorr    .         Rampage  .   (no gloves)
Will     .....                  (no boots)
Stlth    ++........             j - amulet of regeneration
HPRegen  0.56/turn              (no ring)
MPRegen  0.10/turn              (no ring)

@: about to teleport
A: change form in water, swift swim, stealthy swim, rugged brown scales 1, agile
1, high mp 1, electricity resistance
a: no special abilities


You were on level 3 of the Dungeon.
You visited 1 branch of the dungeon, and saw 4 of its levels.

You collected 184 gold pieces.

Inventory:

Hand Weapons
 a - a +0 spear
 d - a +0 trident (weapon)
Missiles
 g - 6 silver javelins (quivered)
Armour
 b - a +0 robe (worn)
Jewellery
 j - an amulet of regeneration (around neck)
Scrolls
 c - a scroll of fear {unknown}
 e - a scroll of blinking {unknown}
 f - a scroll of magic mapping {unknown}
 i - 2 scrolls of teleportation
 k - a scroll of amnesia {unknown}
 m - a scroll of immolation {unknown}
 n - a scroll of enchant weapon {unknown}
 o - a scroll of identify {unknown}
 p - a scroll of remove curse {unknown}
Potions
 h - a potion of mutation
 l - a potion of haste


   Skills:
 * Level 3.2 Fighting
 * Level 9.9 Polearms
 * Level 4.0 Dodging
 - Level 2.1 Stealth


You had 5 spell levels left.
You didn't know any spells.
Your spell library was empty.

Dungeon Overview and Level Annotations

Branches:
Dungeon (4/15)
 Temple: D:4-7

Altars:
The Shining One

Annotations:
D:3 Dowan, Duvessa


Innate Abilities, Weirdness & Mutations

You revert to your normal form in water.
You are very nimble and swift while swimming.
You are very stealthy in the water. (Stealth+)
You are partially covered in rugged brown scales. (AC +1, +3% HP)
You are agile. (Dex +2)
You have an increased reservoir of magic. (+10% MP)
You are resistant to electric shocks. (rElec)


Message History

Dowan smirks and points a slender finger.
Duvessa misses you.
There is a stone staircase leading up here.
Duvessa misses you.
You climb upwards.
There is a stone staircase leading down here.
Okay, then.
As you read the scroll labelled XOKEOTRE ZIONT, it crumbles to dust.
You feel strangely unstable.
It was a scroll of teleportation.
Duvessa misses you.
Dowan says, "My weaknesses are her strengths!"
Dowan hits you with a +0 dagger. Duvessa hits you with a +0 short sword!
* * * LOW HITPOINT WARNING * * *
Duvessa hits you with a +0 short sword!
* * * LOW HITPOINT WARNING * * *
Unknown command.
Duvessa misses you. Dowan casts a spell at you. The puff of flame hits you!
You die...

#######
##############.....####
#<......>....'.........
######e..[####.....####
#@e..# #.....# #....#
#.....# #....# #######
#....# #..^.# #....#
###### ######


You could see Duvessa (fast) and Dowan.

Vanquished Creatures
  3 orc wizards (D:3)
  An orc priest (D:3)
  7 adders
  An ooze (D:1)
  3 worms
  5 dart slugs
  A leopard gecko (D:3)
  15 orcs
  6 giant cockroaches
  12 goblins
  6 hobgoblins
  6 jackals
  A quokka (D:3)
  5 bats
  2 frilled lizards
  5 kobolds
  7 rats
86 creatures vanquished.

Notes
Turn   | Place    | Note
-------+----------+-------------------------------------------
     0 | D:1      | dickylongcocking the Merfolk Monk began the quest for the
                  | Orb.
     0 | D:1      | Reached XP level 1. HP: 18/18 MP: 1/1
   173 | D:1      | Reached skill level 5 in Polearms
   206 | D:1      | Reached XP level 2. HP: 23/24 MP: 2/2
   560 | D:1      | Reached skill level 6 in Polearms
   560 | D:1      | Reached XP level 3. HP: 27/29 MP: 3/3
  1388 | D:2      | Reached XP level 4. HP: 35/35 MP: 4/4
  1397 | D:2      | Reached skill level 7 in Polearms
  2285 | D:3      | Reached skill level 8 in Polearms
  2285 | D:3      | Reached XP level 5. HP: 36/41 MP: 5/5
  2402 | D:3      | Found a glowing golden altar of the Shining One.
  2709 | D:3      | Found a faded altar of an unknown god.
  2787 | D:3      | Reached skill level 9 in Polearms
  2925 | D:3      | Gained mutation: You have an increased reservoir of magic.
                  | (+10% MP) [potion of mutation]
  2925 | D:3      | Gained mutation: You are agile. (Dex +2) [potion of
                  | mutation]
  2925 | D:3      | Gained mutation: You are resistant to electric shocks.
                  | (rElec) [potion of mutation]
  2925 | D:3      | Gained mutation: You are partially covered in rugged brown
                  | scales. (AC +1, +3% HP) [potion of mutation]
  2946 | D:3      | Reached XP level 6. HP: 27/48 MP: 6/6
  3577 | D:4      | Noticed Dowan
  3578 | D:4      | Noticed Duvessa
  3598 | D:3      | Killed from afar by Dowan

Illustrated notes

Levels and vault maps discovered:
D:1:      nzn_arrival_crosshair, layout_basic, st_stairs_4, lemuel_flame_loot_1
D:2:      layout_loops_cross, minmay_misc_feat_plants
D:3:      layout_basic, nicolae_tso_carved_into_rock,
          chequers_ecumenical_altar_twisty
D:4:      layout_layer_cave, serial_shops, nicolae_shop_waterfront,
          hangedman_feature_mirror, kennysheep_cluttered_room, minmay_between,
          uniq_grinder, uniq_duvessa

Skill      XL: |  1  2  3  4  5 |
---------------+----------------+-----
Polearms       | 5 6 8 9 |  9.9
Fighting       | |  3.2
Dodging        | |  4.0
Stealth        | |  2.1

Action                   |  1- 3 |  4- 6 || total
-------------------------+-------+-------++-------
Melee: Spear             |   132 |   261 ||   393
       Trident           |       |    27 ||    27
  Use: Potion            |       |     5 ||     5
       Scroll            |       |     1 ||     1
 Stab: Sleeping          |     4 |     9 ||    13
Armor: Robe              |    18 |    20 ||    38
       Skin              |       |    51 ||    51
Dodge: Dodged            |    84 |   162 ||   246

Table legend: (Time is in decaauts)
 A = Elapsed time spent in this place.
 B = Non-inter-level travel time spent in this place.
 C = Inter-level travel time spent in this place.
 D = Time resting spent in this place.
 E = Time spent auto-exploring this place.
 F = Levels seen in this place.
 G = Mean time per level.
                   A        B        C        D        E       F      G
               +--------+--------+--------+--------+--------+-----+--------+
         Total |   3467 |   3397 |     70 |    683 |   2071 |   4 |  866.8 |
       Dungeon |   3467 |   3397 |     70 |    683 |   2071 |   4 |  866.8 |
               +--------+--------+--------+--------+--------+-----+--------+

Top non-repeatable levels by time:
     D:2: 1387 daAuts
     D:3: 1254 daAuts
     D:1: 765 daAuts
     D:4: 60 daAuts
